 Dungeon Crawl Stone Soup version 0.32-a0-868-g153ae1a8d6 (webtiles) character file.

Game seed: 1378060020992316684

52 funaii the Caller (level 3, -2/24 HPs)
             Began as a Merfolk Summoner on Mar 28, 2024.
             Slain by Crazy Yiuf
             ... wielding a +2 quarterstaff of chaos
              (5 damage)
             ... on level 2 of the Dungeon.
             The game lasted 00:03:45 (1814 turns).

funaii the Caller (Merfolk Summoner)                Turns: 1814, Time: 00:03:46

Health: -2/24      AC:  3    Str:  8    XL:     3   Next: 85%
Magic:  1/6        EV: 12    Int: 16    God:
Gold:   95         SH:  0    Dex: 14    Spells: 4/7 levels left

rFire   . . .        l - +1 war axe (flame)
rCold   . . .        (no shield)
rNeg    . . .        a - +0 robe
rPois   .            (no helmet)
rElec   .            (no cloak)
rCorr   .            (no gloves)
SInv    .            p - +0 pair of boots
Will    .....        (no amulet)
Stlth   ++           (no ring)
HPRegen 0.24/turn    (no ring)
MPRegen 0.10/turn

%: no passive effects
@: no status effects
A: (nimble swimmer 2), mertail
a: no special abilities


You were on level 2 of the Dungeon.
You visited 1 branch of the dungeon, and saw 2 of its levels.

You collected 95 gold pieces.


Innate Abilities, Weirdness & Mutations

((You are very nimble when in or above water. (Stealth+, EV+, Speed+++)))
Your lower body shifts to a powerful aquatic tail in water.


   Skills:
 + Level 3.9 Dodging
 - Level 2.1 Stealth
 + Level 2.6 Spellcasting
 + Level 4.4 Summonings


You had 4 spell levels left.
You knew the following spells:

 Your Spells              Type           Power      Damage    Failure   Level
c - Call Imp              Summ           32%        N/A       4%          2
s - Summon Small Mammal   Summ           64%        N/A       3%          1

Your spell library contained the following spells:

 Spells                   Type           Power      Damage    Failure   Level
 Call Canine Familiar     Summ           16%        N/A       10%         3
 Lesser Beckoning         Tloc           4%         N/A       30%         2
 Static Discharge         Conj/Air       4%         3-4/arc   30%         2
 Teleport Other           Tloc           2%         N/A       52%         3
 Summon Blazeheart Golem  Fire/Summ      9%         N/A       61%         4
 Summon Lightning Spire   Summ/Air       9%         N/A       61%         4
 Airstrike                Air            1%         2d(1-17)  89%         4
 Maxwell's Portable Pile  Tloc           2%         2d(5-10)  89%         4

Inventory:

Hand Weapons
 e - a +0 short sword
   (You took it off a kobold on level 1 of the Dungeon)
 j - a +0 dagger of venom
   (You took it off a goblin on level 1 of the Dungeon)
 l - a +1 war axe of flaming (weapon)
   (You found it on level 2 of the Dungeon)
Missiles
 d - 15 stones
Armour
 a - a +0 robe (worn)
 p - a +0 pair of boots (worn)
   (You found it on level 2 of the Dungeon)
Magical Staves
 h - a staff of fire {!a}
   (You found it on level 1 of the Dungeon)
Scrolls
 c - 3 scrolls of identify {unknown}
 g - 2 scrolls of teleportation {unknown}
 m - a scroll of silence {unknown}
Potions
 b - a potion of magic
 f - a potion of enlightenment {unknown}
 i - a potion of lignification {unknown}
 k - a potion of attraction {unknown}
 n - a potion of ambrosia {unknown}
 o - a potion of degeneration {unknown}
 q - a potion of haste {unknown}

Dungeon Overview and Level Annotations

Branches:
Dungeon (2/15) Zot: 10173

Altars:
Yredelemnul

Annotations:
D:2 Crazy Yiuf

#........# #######
#.........
#...######
#......... #...#
#......... #...#
####.........
##### ###
#####............
#)..###
##.....###.......#
#...'g####ยง.....#
##.....##
#...##r.#g5....##
####### ###
###.#@...##
########


You could see Crazy Yiuf (ally target) and a friendly cerulean imp (summoned).


Message History

The ribbon worm expels a string of sticky webbing.
The stream of webbing hits you but does no damage.
You are even more entangled.
Your cerulean imp hits the ribbon worm from afar with a -3 spear.
You struggle to detach yourself from the web.
Your cerulean imp hits the ribbon worm from afar with a -3 spear.
The ribbon worm barely misses you.
Casting: Call Imp (safe; 4% risk of failure)
Confirm with . or Enter, or press ? or * to list all spells.
Your cerulean imp hits the ribbon worm but does no damage.
The ribbon worm bites you. ๐Ÿ˜ฎ HP[-2] MP[-1]
You take 2 damage, and now have 15/24 hp.
You lost 1 mp, and now have 3/6 mp.
You struggle to detach yourself from the web.
Your cerulean imp hits the ribbon worm from afar with a -3 spear.
Your quokka bites the ribbon worm. ๐Ÿ˜ฎ HP[+1]
You struggle to detach yourself from the web.
The ribbon worm bites you.
Your quokka bites the ribbon worm.
Your cerulean imp hits the ribbon worm from afar with a -3 spear. ๐Ÿ˜ฎ HP[-1]
You take 1 damage, and now have 15/24 hp.
You struggle to detach yourself from the web.
Your quokka bites the ribbon worm.
The ribbon worm bites your quokka.
Your cerulean imp hits the ribbon worm from afar with a -3 spear.
The ribbon worm dies!
Your cerulean imp disappears in a puff of smoke!
Your quokka disappears in a puff of smoke!
The web tears apart.
q - a golden potion ๐Ÿ˜Ž HP[+9] MP[+3]
Your hp is fully restored (24).
Your mp is fully restored (6).
A hobgoblin comes into view.
The hobgoblin shouts!
You slash the hobgoblin! You burn the hobgoblin.
You kill the hobgoblin!
No target in view!
No target in view!
There is a stone staircase leading down here.
You see here an adder skeleton.
Crazy Yiuf shouts!
Casting: Summon Small Mammal (safe; 3% risk of failure)
Confirm with . or Enter, or press ? or * to list all spells.
A tiny devil pulls itself out of the air. ๐Ÿ˜Ž MP[-2]
You lost 2 mp, and now have 4/6 mp.
Casting: Call Imp (safe; 4% risk of failure)
Confirm with . or Enter, or press ? or * to list all spells.
Crazy Yiuf laughs, "Ghoul meccalolo sing!" ๐Ÿ˜Ž MP[-1]
You lost 1 mp, and now have 3/6 mp.
Unknown command.
You open the door.
Crazy Yiuf cries, "Goldfish!"
You swap places.
Your bat hits Crazy Yiuf but does no damage.
Your bat closely misses Crazy Yiuf.
Crazy Yiuf hits your bat with a +2 quarterstaff of chaos!
Crazy Yiuf burns your bat.
Your bat dies!
Your bat's corpse disappears in a puff of smoke!
You swap places.
Your cerulean imp closely misses Crazy Yiuf.
Casting: Summon Small Mammal (safe; 3% risk of failure)
Confirm with . or Enter, or press ? or * to list all spells.
Your cerulean imp completely misses Crazy Yiuf.
Crazy Yiuf cries, "Tonal!
Cake hand Hive."
Crazy Yiuf hits your cerulean imp with a +2 quarterstaff of chaos!
Crazy Yiuf freezes your cerulean imp.
Your cerulean imp dies!
Your cerulean imp disappears in a puff of smoke! ๐Ÿ˜Ž MP[-1]
You lost 1 mp, and now have 2/6 mp.
You swap places.
Crazy Yiuf closely misses your quokka.
Casting: Summon Small Mammal (safe; 3% risk of failure)
Confirm with . or Enter, or press ? or * to list all spells.
A tiny devil pulls itself out of the air.
Your quokka barely misses Crazy Yiuf.
Crazy Yiuf barely misses your quokka. ๐Ÿ˜Ž MP[-2]
You lost 2 mp, and now have 0/6 mp. ๐Ÿ˜Ž MP[+1]
Something hits your quokka.
Your quokka is poisoned.
Your quokka dies!
Your quokka's corpse disappears in a puff of smoke!
You slash Crazy Yiuf! You burn Crazy Yiuf.
Your cerulean imp hits Crazy Yiuf but does no damage.
Crazy Yiuf glowers.
Crazy Yiuf hits you with a +2 quarterstaff of chaos!
Your cerulean imp hits Crazy Yiuf but does no damage. ๐Ÿ˜ฎ HP[-10]
You take 10 damage, and now have 14/24 hp.
MASSIVE DAMAGE!! (PAUSE)
You slash Crazy Yiuf! You burn Crazy Yiuf.
Crazy Yiuf hits you with a +2 quarterstaff of chaos!
Ouch! That really hurt!
* * * LOW HITPOINT WARNING * * *
Crazy Yiuf burns you.
You die...

Skill      XL: |  1 |
---------------+----+-----
Dodging        | 3 |  3.9
Stealth        | |  2.1
Spellcasting   | |  2.6
Summonings     | |  4.4

Action                     || total
---------------------------++-------
  Melee: Short sword       ||    22
         Unarmed           ||     9
         Dagger            ||    21
         War axe           ||    27
   Cast: Summon Small Mamm ||    25
         Call Imp          ||     6
   Stab: Sleeping          ||     3
         Distracted        ||     1
 Armour: Robe              ||    57
  Dodge: Dodged            ||    61

Levels and vault maps discovered:
D:1:      heliophobic_arrival_ceremonial_halls, layout_loops_corners,
          ebering_ecumenical_altar_hall
D:2:      layout_rooms, basic_altar, uniq_crazy_yiuf_cottage

Notes
Turn   | Place    | Note
-------+----------+-------------------------------------------
     0 | D:1      | funaii the Merfolk Summoner began the quest for the Orb.
     0 | D:1      | Reached XP level 1. HP: 13/13 MP: 3/3
     0 | D:1      | magus.rc [v1.11.4]
    11 | D:1      | You pick up a book of Storms and begin reading...
    11 | D:1      | You add the spells Static Discharge and Airstrike to your
                  | library.
   179 | D:1      | Reached skill level 3 in Dodging
   179 | D:1      | Reached XP level 2. HP: 10/19 MP: 0/5
   306 | D:1      | Learned a level 2 spell: Call Imp
   599 | D:1      | Found a faded altar of an unknown god.
   672 | D:1      | You pick up a book of Displacement and begin reading...
   672 | D:1      | You add the spells Lesser Beckoning, Teleport Other and
                  | Maxwell's Portable Piledriver to your library.
   942 | D:1      | Reached XP level 3. HP: 21/24 MP: 2/6
  1404 | D:2      | Found a basalt altar of Yredelemnul.
  1610 | D:2      | Found a runed translucent door.
  1611 | D:2      | Noticed Crazy Yiuf
  1814 | D:2      | HP: 3/24 [Crazy Yiuf/+2 quarterstaff of chaos (12)]
  1814 | D:2      | Slain by Crazy Yiuf

Vanquished Creatures
  A ribbon worm (D:2)
  3 ball pythons
  3 bats (D:2)
  A giant cockroach (D:1)
  4 goblins
  A hobgoblin (D:2)
  3 jackals (D:1)
  A quokka (D:2)
  A frilled lizard (D:2)
  3 kobolds (D:1)
  5 rats
26 creatures vanquished.

Vanquished Creatures (collateral kills)
  An adder (D:2)
  A dart slug (D:1)
  A ribbon worm (D:2)
  An endoplasm (D:1)
  A hobgoblin (D:2)
  3 jackals (D:1)
  A ball python (D:1)
  A rat (D:1)
10 creatures vanquished.

Grand Total: 36 creatures vanquished

Table legend:
 A = Non-vault XP
 B = Vault XP
 C = Vault XP percentage of total XP
 D = Non-vault monster count
 E = Vault monster count
 F = Vault count percentage of total count
                 A         B        C        D         E       F
            +---------+---------+-------+---------+---------+-------
      Total |      75 |       0 |   0.0 |      36 |       0 |   0.0
            +---------+---------+-------+---------+---------+-------
        D:1 |      37 |       0 |   0.0 |      22 |       0 |   0.0
        D:2 |      38 |       0 |   0.0 |      14 |       0 |   0.0
            +---------+---------+-------+---------+---------+-------

Skill      XL: |  1 |
---------------+----+-----
Dodging        | 3 |  3.9
Stealth        | |  2.1
Spellcasting   | |  2.6
Summonings     | |  4.4

Action                     || total
---------------------------++-------
  Melee: Short sword       ||    22
         Unarmed           ||     9
         Dagger            ||    21
         War axe           ||    27
   Cast: Summon Small Mamm ||    25
         Call Imp          ||     6
   Stab: Sleeping          ||     3
         Distracted        ||     1
 Armour: Robe              ||    57
  Dodge: Dodged            ||    61

Illustrated notes

Table legend:
 A = Kills in this place as a percentage of kills in the entire game.
 B = Kills by you in this place as a percentage of kills by you in the entire game.
 C = Kills by friends in this place as a percentage of kills by friends in the entire game.
 D = Other kills in this place as a percentage of other kills in the entire game.
 E = Experience gained in this place as a percentage of experience gained in the entire game.
 F = Experience gained in this place divided by the number of levels of this place that you have seen.
                   A       B       C       D       E      F
               +-------+-------+-------+-------+-------+----------------------
         Total | 100.0 | 100.0 | 100.0 |   N/A | 100.0 |  37.5
       Dungeon | 100.0 | 100.0 | 100.0 |   N/A | 100.0 |  37.5
               +-------+-------+-------+-------+-------+----------------------

Table legend: (Time is in decaauts)
 A = Elapsed time spent in this place.
 B = Non-inter-level travel time spent in this place.
 C = Inter-level travel time spent in this place.
 D = Time resting spent in this place.
 E = Time spent auto-exploring this place.
 F = Levels seen in this place.
 G = Mean time per level.
                   A        B        C        D        E       F      G
               +--------+--------+--------+--------+--------+-----+--------+
         Total |   1825 |   1803 |     22 |      0 |   1482 |   2 |  912.5 |
       Dungeon |   1825 |   1803 |     22 |      0 |   1482 |   2 |  912.5 |
               +--------+--------+--------+--------+--------+-----+--------+

Top non-repeatable levels by time:
     D:1: 1216 daAuts
     D:2: 609 daAuts
